 Dungeon Crawl Stone Soup version 0.28.0 (webtiles) character file.

Game seed: 16735259258341541302

49 inmateoo the Chucker (level 3, 0/28 HPs)
             Began as a Demonspawn Hunter on Feb 14, 2022.
             Slain by an adder (2 damage)
             ... on level 2 of the Dungeon.
             The game lasted 00:02:43 (1374 turns).

inmateoo the Chucker (Demonspawn Hunter)            Turns: 1374, Time: 00:02:44

Health: 0/28       AC:  5    Str: 12    XL:     3   Next: 53%
Magic:  3/3        EV: 13    Int: 14    God:
Gold:   66         SH:  0    Dex: 13    Spells: 2/2 levels left

rFire   . . .      SeeInvis .     - Unarmed
rCold   . . .      Faith    .   (no shield)
rNeg    . . .      Spirit   .   e - +0 ring mail
rPois   .          Reflect  .   (no helmet)
rElec   .          Harm     .   (no cloak)
rCorr   .          Rampage  .   (no gloves)
Will    .....                   (no boots)
Stlth   +.........              (no amulet)
HPRegen 0.09/turn               (no ring)
MPRegen 0.08/turn               (no ring)

@: no status effects
A: repulsion field 1
a: no special abilities


You were on level 2 of the Dungeon.
You visited 1 branch of the dungeon, and saw 2 of its levels.

You collected 66 gold pieces.

Inventory:

Hand Weapons
 a - a +0 short sword
Missiles
 c - 3 javelins (quivered)
 d - 2 throwing nets
Armour
 e - a +0 ring mail (worn)
Scrolls
 b - a scroll of identify {unknown}
 g - a scroll of immolation {unknown}
Potions
 f - a potion of invisibility {unknown}


   Skills:
 + Level 2.4 Fighting
 - Level 3.6 Throwing
 + Level 1.0 Armour
 + Level 2.2 Dodging
 - Level 0.8 Stealth
 * Level 1.7 Unarmed Combat


You had 2 spell levels left.
You didn't know any spells.
Your spell library was empty.

Dungeon Overview and Level Annotations

Branches:
Dungeon (2/15)

Altars:


Innate Abilities, Weirdness & Mutations

You are surrounded by a mild repulsion field. (EV +2)


Message History

You closely miss the adder.
The adder is heavily wounded.
The adder bites you but does no damage.
You hit the adder.
The adder is heavily wounded.
The adder bites you but does no damage.
You miss the adder.
The adder is heavily wounded.
The adder bites you. x2
You are poisoned.
The adder poisons you!
You closely miss the adder. Your punch misses the adder.
The adder is heavily wounded.
You feel sick. The adder closely misses you.
You closely miss the adder.
The adder is heavily wounded.
You feel sick. The adder closely misses you.
You are too injured to fight recklessly!
You miss the adder.
The adder is heavily wounded.
You feel sick. The adder bites you.
* * * LOW HITPOINT WARNING * * *
You are too injured to fight recklessly!
You hit the adder.
The adder is almost dead.
You feel sick. The adder bites you but does no damage. The adder bites you.
* * * LOW HITPOINT WARNING * * *
You are too injured to fight recklessly!
Okay, then.
You barely miss the adder.
The adder is almost dead.
You feel sick. The adder closely misses you.
Throw: 4 javelins
Press: ? - help, Q - select action, (/) - cycle Shift-Dir - straight line, f/p - adder
Aim: an adder (almost dead, 40% to hit)
You throw a javelin. The javelin barely misses the adder.
You feel sick.
You are no longer poisoned.
The adder barely misses you. The adder bites you.
You die...

.........#.#......#.####
#######
##########.#......#....#
.......
.(#.#......####.#
####### ###.#.......##
#.## #.........#.# #...
#.#.###.#.#.# ####
#.....# #.########
#..S..# #.#.......
#..@..# #.#.......
#.....# #.#.......
#.....# #.#.......
#.....# #.########
#†....# #.#.....##
#.##+## #.>.....†)
#.##.# ###..†..##
#.##'########.....#
#.................#


You could see an adder.

Vanquished Creatures
  An adder (D:2)
  2 ball pythons (D:1)
  An endoplasm (D:1)
  3 giant cockroaches
  2 hobgoblins (D:1)
  6 jackals (D:1)
  4 kobolds
  A quokka (D:1)
  6 bats (D:1)
  9 frilled lizards
  A goblin (D:1)
  2 rats
38 creatures vanquished.

Notes
Turn   | Place    | Note
-------+----------+-------------------------------------------
     0 | D:1      | inmateoo the Demonspawn Hunter began the quest for the Orb.
     0 | D:1      | Reached XP level 1. HP: 16/16 MP: 1/1
   430 | D:1      | Gained mutation: You are surrounded by a mild repulsion
                  | field. (EV +2) [demonic ancestry]
   430 | D:1      | Reached XP level 2. HP: 18/22 MP: 2/2
   532 | D:1      | Reached skill level 1 in Unarmed Combat
   546 | D:1      | Found a faded altar of an unknown god.
   923 | D:1      | Reached XP level 3. HP: 26/28 MP: 3/3
  1171 | D:2      | Reached skill level 1 in Armour
  1374 | D:2      | Slain by an adder

Illustrated notes

Levels and vault maps discovered:
D:1:      onia_arrival_mini_spirals, layout_rooms, basic_ecumenical_altar
D:2:      layout_basic, minmay_lizard_pond

Skill      XL: |  1  2  3 |
---------------+----------+-----
Dodging        | 2 |  2.2
Unarmed Combat | 1 |  1.7
Armour         | 1 |  1.0
Fighting       | |  2.4
Throwing       | |  3.6
Stealth        | |  0.8

Action                   || total
-------------------------++-------
Melee: Unarmed           ||   227
       Punch             ||     4
Throw: Javelin           ||     9
Armor: Ring mail         ||    89
       Leather armour    ||     6
Dodge: Dodged            ||   197
